 Dungeon Crawl Stone Soup version 0.30-a0-365-ge7f957f1db (webtiles) character file.

Game seed: 11567673451099402971

218656 tilp the Warrior (level 18, -1/149 HPs)
             Began as a Mummy Necromancer on Nov 16, 2022.
             Was a High Priest of Kikubaaqudgha.
             Slain by a ghost moth (14 damage)
             ... on level 3 of the Spider Nest.
             The game lasted 01:46:55 (40617 turns).

tilp the Warrior (Mummy Necromancer)               Turns: 40617, Time: 01:46:55

Health: -1/149     AC: 14    Str: 10 (11) XL:     18   Next: 42%
Magic:  1/33       EV: 15    Int: 20 (21) God:    Kikubaaqudgha [*****.]
Gold:   820        SH:  5    Dex: 13 (14) Spells: 2/39 levels left

rFire   . . .      SeeInvis +    a - +7 demon whip (freeze)
rCold   + + +      Faith    +    (no shield)
rNeg    + + +      Spirit   .    F - +1 robe of Vines {NoPotionHeal Regen++++}
rPois   ∞          Reflect  +    I - +2 helmet {SInv}
rElec   .          Harm     .    x - +2 cloak {rC+}
rCorr   .          Rampage  .    t - +2 pair of gloves
Will    ++...                    A - +0 pair of boots "Kuado" {rF+ rC++}
Stlth   +++.......               B - amulet of reflection
HPRegen 3.64/turn                j - +4 ring of protection
MPRegen 0.23/turn                s - ring of flight

@: corroded, animating dead, flying, studying Fighting
A: cold resistance 1, negative energy resistance 3, torment resistance 2, heat
vulnerability 1, in touch with death 2, no potions, faith
}: 1/15 runes: barnacled
a: Renounce Religion, Unearth Wretches, Torment


You were on level 3 of the Spider Nest.
You worshipped Kikubaaqudgha.
Kikubaaqudgha was extremely pleased with you.
You visited 6 branches of the dungeon, and saw 31 of its levels.
You also visited: Ossuary, Bailey and Ice Cave.

You collected 2971 gold pieces.
You spent 2151 gold pieces at shops.

Inventory:

Hand Weapons
 a - a +7 demon whip of freezing (weapon)
 b - a +2 vorpal eveningstar
 N - a +1 demon whip of venom
Missiles
 d - 3 datura-tipped darts
 l - 49 boomerangs
 r - 3 throwing nets
 y - 15 javelins
 C - 43 poisoned darts (quivered)
 L - 9 atropa-tipped darts
 S - 5 silver javelins
 T - a silver boomerang
Armour
 q - a +0 troll leather armour
 t - a +2 pair of gloves (worn)
 x - a +2 cloak of cold resistance (worn)
 A - the +0 pair of boots "Kuado" (worn) {rF+ rC++}
   (You found it on level 1 of the Shoals)

   rF:        It protects you from fire.
   rC:        It greatly protects you from cold.
 D - a +2 pair of boots
 F - the +1 robe of Vines (worn) {NoPotionHeal Regen++++}
   (You found it on level 3 of the Lair of Beasts)

   Its wearer cannot be healed by potions.
   Regen:     It increases your rate of health regeneration.
 I - a +2 helmet of see invisible (worn)
 O - +0 fire dragon scales
 U - a +0 kite shield of reflection
Magical Staves
 Y - a staff of conjuration
Jewellery
 j - a +4 ring of protection (left hand)
 m - a +4 ring of protection
 p - an amulet of regeneration
 s - a ring of flight (right hand)
 u - a ring of resist corrosion
 B - an amulet of reflection (around neck)
 H - a ring of willpower
 J - a ring of ice
Wands
 k - a wand of paralysis (11)
 w - a wand of flame (16)
 E - a wand of digging (6)
 P - a wand of polymorph (5)
 Q - a wand of mindburst (16)
 V - a wand of quicksilver (5)
 X - a wand of iceblast (10)
Scrolls
 e - 7 scrolls of fear
 f - 3 scrolls of poison
 g - 5 scrolls of immolation
 h - 5 scrolls of amnesia
 i - 16 scrolls of teleportation
 n - 6 scrolls of vulnerability
 o - 3 scrolls of magic mapping
 v - 2 scrolls of summoning
 z - 4 scrolls of fog
 G - 5 scrolls of silence
 K - 2 scrolls of blinking
 M - 6 scrolls of torment
 W - 5 scrolls of enchant armour
Miscellaneous
 c - a condenser vane
 R - a tin of tremorstones (2/2)


   Skills:
 + Level 15.1 Fighting
 + Level 10.1 Maces & Flails
 - Level 6.0 Armour
 - Level 8.0 Dodging
 - Level 6.0 Stealth
 + Level 11.1 Spellcasting
 - Level 10.0 Hexes
 * Level 15.1 Necromancy
 - Level 4.0 Translocations
 - Level 10.1 Ice Magic
 - Level 8.0 Earth Magic
 - Level 8.0 Evocations


You had 2 spell levels left.
You knew the following spells:

 Your Spells              Type           Power      Damage    Failure   Level
a - Necrotise             Necr           100%       1d9       0%          1
b - Vampiric Draining     Necr           100%       2d13      1%          3
c - Animate Dead          Necr           100%       N/A       1%          4
d - Anguish               Hex/Necr       47%        N/A       1%          4
e - Cigotuvi's Dreadful   Necr/Pois/Air  100%       N/A       1%          2
f - Dispel Undead         Necr           100%       3d31      1%          4
g - Borgnjor's Vile Clut  Necr/Erth      46%        N/A       1%          5
h - Death Channel         Necr           52%        N/A       1%          6
i - Blink                 Tloc           54%        N/A       1%          2
j - Simulacrum            Ice/Necr       47%        N/A       5%          6

Your spell library contained the following spells:

 Spells                   Type           Power      Damage    Failure   Level
 Ensorcelled Hibernation  Hex/Ice        100%       N/A       1%          2
 Momentum Strike          Conj/Tloc      38%        3d9       4%          2
 Foxfire                  Conj/Fire      44%        2x1d6     6%          1
 Shock                    Conj/Air       44%        1d5       6%          1
 Frozen Ramparts          Ice            100%       1d16      1%          3
 Leda's Liquefaction      Hex/Erth       23%        N/A       1%          4
 Agony                    Necr           100%       N/A       1%          5
 Lesser Beckoning         Tloc           54%        N/A       3%          3
 Lee's Rapid Deconstruct  Erth           21%        3d12*     6%          5
 Summon Ice Beast         Ice/Summ       31%        N/A       8%          4
 Kindle Blastsparks       Fire/Tloc/Air  32%        2d12      11%         3
 Ignite Poison            Fire/Tmut/Pois 11%        N/A       19%         3
 Swiftness                Air            11%        N/A       19%         3
 Summon Mana Viper        Hex/Summ       31%        N/A       22%         5
 Freezing Cloud           Conj/Ice/Air   12%        6-21      38%         5
 Airstrike                Air            5%         2d(1-17)  52%         4
 Olgreb's Toxic Radiance  Pois           11%        N/A       52%         4
 Summon Forest            Summ/Tloc      9%         N/A       58%         5
 Ozocubu's Refrigeration  Ice            25%        4d13      63%         7
 Infestation              Necr           52%        N/A       63%         8
 Fireball                 Conj/Fire      5%         3d5       86%         5
 Haunt                    Necr/Summ      38%        N/A       93%         7
 Conjure Ball Lightning   Conj/Air       5%         3x3d6     100%        6
 Starburst                Conj/Fire      5%         6d4       100%        6
 Summon Cactus Giant      Summ           5%         N/A       100%        6
 Summon Hydra             Summ           5%         N/A       100%        7
 Discord                  Hex            25%        N/A       100%        8
 Disjunction              Tloc           13%        N/A       100%        8
 Ignition                 Fire           5%         3d4       100%        8
 Sublimation of Blood     Necr           Unusable   N/A       N/A         2
 Wereblood                Tmut           Unusable   N/A       N/A         2
 Ice Form                 Ice/Tmut       Unusable   N/A       N/A         4
 Spider Form              Tmut/Pois      Unusable   N/A       N/A         3
 Statue Form              Tmut/Erth      Unusable   N/A       N/A         6

Dungeon Overview and Level Annotations

Branches:
Dungeon (15/15)            Temple (1/1) D:4            Lair (5/5) D:11
 Shoals (4/4) Lair:3       Spider (4/4) Lair:2        Slime (0/5) Lair:4
    Orc (2/2) D:12            Elf (0/3) Orc:2        Vaults (0/5) D:14
 Depths (0/4) D:15        Ossuary (visited)          Bailey (visited)
  IceCv (visited)

Altars:
Ashenzari
Cheibriados
Dithmenos
Fedhas
Gozag
Hepliaklqana
Kikubaaqudgha
Makhleb
Nemelex Xobeh
Okawaru
Qazlal
Ru
Sif Muna
Trog
Uskayaw
Vehumet
Wu Jian
Xom
Yredelemnul
Jiyva

Shops:
D:7 :   D:8 :   Orc:1 ==   Orc:2 (*(:   Shoals:1 !(   Shoals:3 *


Innate Abilities, Weirdness & Mutations

You are immune to poison.
Your flesh is cold resistant. (rC+)
You are immune to negative energy. (rN+++)
You are immune to unholy pain and torment.
You are vulnerable to heat. (rF-)
You are strongly in touch with the powers of death.
You do not drink.
You have a special connection with the divine. (Faith)


Message History

You assume a fearsome visage.
The ghost moth easily resists.
The entropy weaver looks frightened!
The emperor scorpion looks frightened!
A nearby emperor scorpion perishes wretchedly.
The dead are crawling!
The ghost moth stares at you. The ghost moth hits you!
* * * LOW HITPOINT WARNING * * *
The ghost moth hits you but does no damage.
The ghost moth stings you but does no damage.
Aiming: Paralyse
Press: ? - help, Shift-Dir - straight line, f - ghost moth
Aim: a ghost moth (slightly transparent, ally target, chance to affect: 8%)
Okay, then.
Unknown command.
Unknown command.
Okay, then.
Press: ? - help, v - describe, . - travel
Here: a ghost moth (slightly transparent, ally target)
A stone staircase leading down.
Unknown command.
Unknown command.
As you read the scroll of summoning, it crumbles to dust.
Wisps of shadow whirl around you... The ghost moth stares at you.
You block the ghost moth's attack. The ghost moth closely misses you.
The ghost moth misses you.
Unknown command.
Unknown command.
You swap places.
The ghost moth barely misses you. The ghost moth hits you.
* * * LOW HITPOINT WARNING * * *
You feel dopey.
The ghost moth stings you but does no damage.
Your entropy weaver hits the ghost moth!
Your entropy weaver misses the ghost moth.
Your entropy weaver closely misses the ghost moth.
Your entropy weaver hits the ghost moth.
The ghost moth attacks as you move away!
The ghost moth hits you!
You die...
Kikubaaqudgha rasps: "You have failed me!
Welcome... oblivion!"

#.........Z##.....#
#.........###.....#
#.................# #
#................## ##
#.....?...........# ### #.
#...........Z..#^####.###Z
#.)...#.s........# #...#ZZ
#........#.....#####.Z.ZZ.
#........@.s..####.#ZZZ[..
#.^......By...^.#...ZZ#...
#......wZs..w...#...Z#####
#.#.............#.ZZ.^...#
.......^^....^..........#
......#...##^..........##
^.........#.B........^.#
########################


You could see a ghost moth (invisible, ally target), an entropy weaver (fleeing,
ally target), a friendly entropy weaver (summoned), a friendly steelbarb worm
(summoned), a friendly torpor snail (summoned, wandering), a friendly wolf
spider (summoned, wandering), 2 friendly redbacks, a friendly emperor scorpion
zombie (wandering) and a friendly spark wasp zombie.

Vanquished Creatures
  Jorgrun (D:14)
  Rupert (D:14)
  Ilsuiw (Shoals:2)
  Nessos (D:13)
  Snorg (Orc:2)
  Josephine (Lair:3)
  2 merfolk impalers
  Erolcha (D:13)
  Fannar (D:11)
  2 hydras (D:10)
  A merfolk aquamancer (Shoals:3)
  7 two-headed ogres
  8 boulder beetles
  A satyr (Shoals:4)
  An ogre mage (D:15)
  A death knight (D:15)
  4 centaur warriors
  2 tengu warriors
  A vampire mage (D:15)
  The ghost of RatherSlowDeath the Destroyer, a novice OpCj of Gozag (D:10)
  2 orc high priests (Orc:2)
  Amaemon (Lair:3)
  A fire crab (shapeshifter) (D:14)
  5 sea snakes
  A skeletal warrior (D:15)
  3 steelbarb worms
  An orange crystal statue (D:9)
  2 orb spiders
  4 harpies
  4 orc knights
  4 orc sorcerers
  A cyclops (Shoals:2)
  3 oklob plants (Lair:1)
  A shadow dragon skeleton (D:15)
  5 manticores
  A faun (Shoals:4)
  18 ugly things
  8 wolf spiders
  4 merfolk sirens
  4 centaur zombies (D:10)
  2 black mambas (Lair:3)
  A water nymph (Shoals:3)
  3 ice statues (IceCv)
  6 orange demons
  A gargoyle (D:11)
  5 cane toads
  A demonic crawler (Spider:2)
  4 komodo dragons
  2 unseen horrors (D:11)
  3 freezing wraiths (D:15)
  A kobold demonologist (D:12)
  3 rime drakes
  4 trolls
  A meliai (D:13)
  10 merfolk
  A wolf spider simulacrum (D:14)
  A wind drake (Shoals:3)
  2 polar bears
  6 hornets
  5 snapping turtles
  4 tarantellas
  Prince Ribbit (D:7)
  2 blink frogs (Lair:2)
  A spriggan zombie (D:15)
  10 slime creatures
  5 dream sheep
  3 jumping spiders
  3 culicivoras (Spider:1)
  3 wyverns
  A vampire (D:11)
  5 wraiths
  5 water elementals
  A shadow (D:12)
  A culicivora (shapeshifter) (D:13)
  6 humans (D:14)
  A wind drake zombie (Shoals:1)
  2 basilisks
  18 yaks
  4 vampire mosquitoes (D:13)
  A steam dragon (Lair:1)
  A death yak simulacrum (IceCv)
  7 redbacks
  A merfolk zombie (Shoals:1)
  An acid dragon (D:8)
  3 wargs
  4 water moccasins
  2 hydra simulacra (IceCv)
  6 ice beasts
  A swamp drake (Lair:5)
  12 orc warriors
  A manticore zombie (Shoals:1)
  3 black bears
  6 ogres
  4 boggarts (D:15)
  8 wolves
  5 centaurs
  3 kobold brigands
  2 necrophages
  7 bullfrogs
  A cane toad simulacrum (IceCv)
  A gnoll sergeant (D:9)
  5 scorpions
  15 wights
  3 killer bees
  2 howler monkeys (D:8)
  5 jellies
  A human zombie (D:10)
  3 hounds
  9 orc priests
  5 iguanas
  11 orc wizards
  A polar bear simulacrum (IceCv)
  2 wolf simulacra (IceCv)
  2 human simulacra (D:12)
  3 mummies (D:10)
  12 gnolls
  3 adders
  2 shadow imps (D:6)
  5 white imps
  An adder zombie (Ossuary)
  3 worms
  A dart slug (D:1)
  44 orcs
  7 bats
  7 endoplasms
  2 giant cockroaches
  9 goblins
  8 hobgoblins
  3 quokkas
  6 ball pythons
  3 ball python skeletons (Ossuary)
  2 hobgoblin skeletons (Ossuary)
  21 kobolds
  A kobold zombie (Ossuary)
  2 orc skeletons (Ossuary)
  5 rats
  A tentacle (Shoals:2)
545 creatures vanquished.

Vanquished Creatures (collateral kills)
  Gastronok (D:9)
  A kraken (Shoals:2)
  Agnes (Spider:1)
  Donald (Spider:4)
  Louise (Shoals:4)
  A ghost moth (Spider:3)
  A broodmother (Spider:2)
  A minotaur (Shoals:4)
  A merfolk javelineer (Shoals:3)
  A fire dragon (Lair:5)
  A merfolk impaler (Shoals:3)
  An entropy weaver (Spider:2)
  A jorogumo (Spider:2)
  3 hydras
  2 merfolk avatars
  5 satyrs (Shoals:4)
  An alligator snapping turtle (Shoals:4)
  2 centaur warriors (Shoals:2)
  A radroach (Spider:1)
  3 death yaks (Lair:4)
  A merfolk aquamancer (Shoals:1)
  5 boulder beetles
  A two-headed ogre (D:15)
  A sun moth (Spider:1)
  7 pharaoh ants
  10 sea snakes
  6 orb spiders
  2 steelbarb worms
  A swamp dragon (Lair:5)
  An orc knight (D:12)
  A necromancer (D:15)
  5 harpies
  A deep elf pyromancer (D:12)
  3 cyclopes (Shoals:2)
  10 ugly things
  13 wolf spiders
  8 fauns (Shoals:4)
  A shining eye (shapeshifter) (D:13)
  An oklob plant (Lair:1)
  8 manticores
  2 moths of wrath
  A stone giant skeleton (D:15)
  2 black mambas
  2 centaur zombies
  2 water nymphs
  2 merfolk sirens (Shoals:2)
  An elephant (Lair:3)
  An orange demon (D:11)
  A torpor snail (Spider:3)
  5 cane toads
  A kobold demonologist (D:9)
  4 komodo dragons
  14 merfolk
  A spriggan skeleton (D:15)
  3 demonic crawlers
  A troll (shapeshifter) (D:13)
  2 trolls
  3 wind drakes
  A red devil (D:11)
  14 tarantellas
  A polar bear (Lair:3)
  5 hornets
  8 slime creatures
  5 snapping turtles
  3 dream sheep
  A tarantella zombie (Spider:2)
  11 jumping spiders
  2 wraiths
  9 culicivoras
  14 yaks
  A hog (Spider:4)
  6 humans (D:14)
  6 water elementals
  4 basilisks
  3 vampire mosquitoes (D:13)
  14 redbacks
  9 water moccasins
  A swamp drake (Lair:5)
  2 ice beasts
  An orc warrior (D:10)
  A wolf (D:11)
  4 centaurs
  A kobold brigand (D:9)
  3 bullfrogs
  2 gnoll sergeants
  A wight (D:10)
  3 killer bees (D:9)
  A howler monkey (D:9)
  3 iguanas (Lair:5)
  4 orc wizards
  2 gnolls
  8 orcs
  2 goblins (D:1)
  A hobgoblin (Bailey)
  9 kobolds
  A bush (Lair:3)
331 creatures vanquished.

Vanquished Creatures (others)
  Bai Suzhen (Shoals:3)
  A sphinx (Shoals:4)
  5 emperor scorpions (Spider:3)
  A ghost moth (Spider:1)
  A spark wasp (Spider:3)
  2 minotaurs (Shoals:4)
  An ettin (D:13)
  2 entropy weavers
  3 merfolk impalers
  3 radroaches
  A jorogumo (Spider:2)
  3 centaur warriors
  A merfolk aquamancer (Shoals:4)
  4 boulder beetles
  A deep troll earth mage (D:13)
  8 satyrs
  A tengu warrior (D:11)
  An orc high priest (Orc:2)
  Urug (D:10)
  A skeletal warrior (D:15)
  2 orb spiders
  2 steelbarb worms
  A sun moth (Spider:1)
  7 sea snakes
  3 harpies
  4 wolf spider zombies
  10 ugly thing zombies
  13 ugly things
  5 orc knights
  2 orc sorcerers (Orc:2)
  A moth of wrath (Spider:3)
  5 fauns
  3 manticores
  3 black mambas
  6 wolf spiders
  4 cyclopes
  2 merfolk sirens
  An elephant (Lair:5)
  3 torpor snails
  4 cane toads
  A gargoyle (D:14)
  An orange demon (D:11)
  5 rime drakes
  An orb spider zombie (Spider:1)
  A steelbarb worm zombie (Spider:4)
  2 demonic crawlers (Spider:1)
  A minotaur zombie (Shoals:4)
  6 redback zombies
  3 komodo dragons
  A yaktaur (D:15)
  2 tengu conjurers
  6 sea snake zombies
  9 merfolk
  A harpy zombie (Shoals:4)
  A hydra zombie (D:13)
  A troll (D:13)
  2 meliai (Spider:4)
  2 polar bears
  A demonic crawler zombie (Spider:1)
  6 jumping spider zombies
  11 tarantellas
  A moth of wrath zombie (Spider:3)
  A boulder beetle zombie (D:15)
  3 meliai zombies
  7 snapping turtles
  2 hornets
  6 wind drakes
  A dream sheep (Lair:5)
  6 culicivora zombies
  4 blink frogs
  7 tarantella zombies
  7 satyr zombies
  A radroach zombie (Spider:1)
  6 jumping spiders
  13 yaks
  5 culicivoras
  4 black mamba zombies
  3 wind drake zombies
  A wyvern (Lair:4)
  4 humans (D:14)
  4 slime creature zombies
  A basilisk (Lair:1)
  8 redbacks
  A cane toad zombie (Lair:1)
  6 faun zombies (Shoals:4)
  10 merfolk zombies
  An acid dragon (Lair:5)
  A water moccasin (Lair:4)
  2 black bears
  18 orc warriors
  A snapping turtle zombie (Shoals:4)
  A hornet zombie (Lair:4)
  A manticore zombie (Shoals:4)
  2 centaurs
  5 wolves
  3 ogres (Orc:2)
  3 vampire mosquito zombies (D:13)
  3 rime drake zombies (IceCv)
  2 bullfrogs
  A yaktaur zombie (D:15)
  A gnoll sergeant (D:12)
  A cyclops zombie (Orc:2)
  A scorpion (D:11)
  5 water moccasin zombies
  A tengu zombie (D:15)
  2 warg zombies (Orc:2)
  2 troll zombies (D:13)
  3 yak zombies
  2 killer bees
  2 electric eels
  6 centaur zombies
  A black bear zombie (D:15)
  10 human zombies
  2 basilisk zombies
  A bullfrog zombie (Lair:4)
  9 orc priests
  A scorpion zombie (D:11)
  2 iguanas
  2 orc wizards
  An ice beast zombie (D:11)
  3 ogre zombies (Orc:2)
  39 orc zombies
  An adder (D:11)
  3 gnolls
  An adder zombie (D:11)
  An iguana zombie (D:13)
  9 orcs
  An endoplasm (D:12)
  3 gnoll zombies
  A goblin (D:10)
  An endoplasm zombie (D:12)
  A goblin zombie (Bailey)
  2 kobolds
  8 kobold zombies
  41 fungi
  144 plants
  6 tentacles (Shoals:2)
  4 withered plants (D:15)
667 creatures vanquished.

Grand Total: 1543 creatures vanquished

Notes
Turn   | Place    | Note
-------+----------+-------------------------------------------
     0 | D:1      | tilp the Mummy Necromancer began the quest for the Orb.
     0 | D:1      | Reached XP level 1. HP: 13/13 MP: 4/4
   170 | D:1      | Reached XP level 2. HP: 20/20 MP: 0/5
   177 | D:1      | Reached skill level 1 in Fighting
  1005 | D:2      | Found a faded altar of an unknown god.
  1232 | D:2      | Gained mutation: You are in touch with the powers of death.
                  | [Mummy growth]
  1232 | D:2      | Reached XP level 3. HP: 19/26 MP: 1/7
  1857 | D:2      | Learned a level 3 spell: Vampiric Draining
  2109 | D:3      | Found a snail-covered altar of Cheibriados.
  2159 | D:3      | Reached XP level 4. HP: 28/33 MP: 1/8
  2554 | D:3      | Reached XP level 5. HP: 25/39 MP: 3/10
  3118 | D:4      | Found a staircase to the Ecumenical Temple.
  3159 | Temple   | Entered the Ecumenical Temple
  3374 | D:4      | Reached skill level 5 in Necromancy
  3541 | D:4      | Found a blossoming altar of Fedhas.
  3543 | D:4      | Found an ancient bone altar of Kikubaaqudgha.
  4095 | D:5      | Entered Level 5 of the Dungeon
  4113 | D:5      | Reached XP level 6. HP: 47/47 MP: 5/11
  4415 | D:5      | Noticed a wyvern
  4420 | D:5      | Killed a wyvern
  4421 | D:5      | Reached skill level 5 in Spellcasting
  4421 | D:5      | Reached XP level 7. HP: 54/54 MP: 3/14
  4904 | D:4      | Became a worshipper of Kikubaaqudgha
  4944 | D:6      | Reached skill level 1 in Evocations
  5055 | D:6      | Reached XP level 8. HP: 52/61 MP: 0/16
  5832 | D:6      | Found a sparkling altar of Nemelex Xobeh.
  5926 | D:6      | Reached * piety under Kikubaaqudgha
  5926 | D:6      | Received a gift from Kikubaaqudgha
  5930 | D:6      | Learned a level 2 spell: Cigotuvi's Dreadful Rot
  6913 | D:6      | Reached skill level 5 in Fighting
  6986 | D:7      | Found Wijuoto's Book Shop.
  7208 | D:7      | Noticed Prince Ribbit
  7216 | D:7      | Killed Prince Ribbit
  7217 | D:7      | Reached XP level 9. HP: 68/68 MP: 5/19
  7579 | D:7      | Learned a level 4 spell: Animate Dead
  7738 | D:7      | Found an opulent altar of Gozag.
  8175 | D:7      | Noticed a moth of wrath
  8178 | D:7      | Found a bloodstained altar of Trog.
  8988 | D:8      | Found a shimmering blue altar of Sif Muna.
  8994 | D:8      | Found Lieqaf's Book Emporium.
  9034 | D:8      | Found a sand-covered staircase.
  9039 | Ossuary  | Entered an ossuary
  9075 | Ossuary  | Reached ** piety under Kikubaaqudgha
  9809 | D:8      | Noticed a troll
  9851 | D:8      | Killed a troll
 10192 | D:8      | Reached XP level 10. HP: 76/77 MP: 17/21
 10510 | D:8      | Found an ornate altar of the Wu Jian Council.
 10548 | D:8      | Reached skill level 5 in Stealth
 10659 | D:8      | Reached *** piety under Kikubaaqudgha
 10659 | D:8      | Received a gift from Kikubaaqudgha
 10665 | D:8      | Learned a level 4 spell: Anguish
 10670 | D:8      | Learned a level 4 spell: Dispel Undead
 10676 | D:8      | Learned a level 5 spell: Borgnjor's Vile Clutch
 10973 | D:8      | Reached skill level 1 in Hexes
 11032 | D:8      | Reached skill level 1 in Earth Magic
 11216 | D:9      | Found a runed translucent door.
 11227 | D:9      | Found a runed translucent door.
 11302 | D:9      | Found a runed translucent door.
 11379 | D:9      | Found a runed translucent door.
 11522 | D:9      | Found a radiant altar of Vehumet.
 11619 | D:9      | Noticed Gastronok
 11871 | D:9      | Reached **** piety under Kikubaaqudgha
 11947 | D:9      | Killed Gastronok
 11948 | D:9      | Reached XP level 11. HP: 76/86 MP: 10/24
 12067 | D:9      | Found a shadowy altar of Dithmenos.
 12517 | D:9      | Noticed an orange crystal statue
 12599 | D:10     | Entered Level 10 of the Dungeon
 12617 | D:10     | Found a flagged portal.
 12646 | Bailey   | Entered a bailey
 12655 | Bailey   | Noticed an orc knight
 12717 | Bailey   | Killed an orc knight
 13033 | Bailey   | Noticed an orc knight
 13054 | Bailey   | Killed an orc knight
 13286 | D:10     | Found a hazy altar of Hepliaklqana.
 13304 | D:10     | Noticed Urug
 13388 | D:10     | Killed Urug
 13389 | D:10     | Reached skill level 10 in Necromancy
 13618 | D:10     | Reached skill level 5 in Hexes
 13807 | D:10     | Noticed a two-headed ogre
 13815 | D:10     | Killed a two-headed ogre
 13914 | D:10     | Found a runed translucent gate.
 13915 | D:10     | Found a runed translucent gate.
 13915 | D:10     | Found a runed translucent gate.
 13915 | D:10     | Noticed a nine-headed hydra
 13917 | D:10     | Noticed RatherSlowDeath's ghost (novice OpCj)
 13917 | D:10     | Noticed a ten-headed hydra
 14349 | D:10     | Reached skill level 1 in Armour
 14350 | D:10     | Found a basalt altar of Yredelemnul.
 14534 | D:11     | Reached XP level 12. HP: 61/93 MP: 9/25
 14555 | D:11     | Found a frozen archway.
 14586 | D:11     | Learned a level 6 spell: Death Channel
 14614 | IceCv    | Entered an ice cave
 15241 | IceCv    | Reached skill level 1 in Maces & Flails
 15698 | D:11     | Found a staircase to the Lair.
 15721 | D:11     | Noticed Fannar
 15731 | D:11     | Killed Fannar
 16754 | Lair:1   | Entered Level 1 of the Lair of Beasts
 16931 | Lair:1   | Reached skill level 5 in Dodging
 17247 | Lair:1   | Reached skill level 5 in Earth Magic
 17247 | Lair:1   | Reached skill level 5 in Evocations
 17248 | Lair:1   | Reached skill level 10 in Spellcasting
 18103 | Lair:2   | Gained mutation: You are strongly in touch with the powers
                  | of death. [Mummy growth]
 18103 | Lair:2   | Reached XP level 13. HP: 100/100 MP: 11/27
 18478 | Lair:2   | Found a blossoming altar of Fedhas.
 18804 | Lair:2   | You fall into a shaft and drop 1 floor!
 18845 | Lair:3   | Noticed Amaemon
 18856 | Lair:3   | Killed Amaemon
 19200 | Lair:2   | Found a hole to the Spider Nest.
 19598 | Lair:3   | Found a staircase to the Shoals.
 20144 | Lair:3   | Noticed Josephine
 20162 | Lair:3   | Killed Josephine
 20369 | Lair:3   | Found the +1 robe of Vines {NoPotionHeal Regen++++}
 21074 | Lair:4   | Found a staircase to the Slime Pits.
 21075 | Lair:4   | Found a viscous altar of Jiyva.
 21825 | Lair:5   | Entered Level 5 of the Lair of Beasts
 22368 | Lair:5   | Reached XP level 14. HP: 109/109 MP: 19/29
 22722 | Lair:5   | Reached skill level 10 in Fighting
 22722 | Lair:5   | Reached skill level 5 in Armour
 24079 | D:12     | Found a staircase to the Orcish Mines.
 24134 | Orc:1    | Entered Level 1 of the Orcish Mines
 24134 | Orc:1    | Found Kaacon's Jewellery Shop.
 24523 | Orc:2    | Entered Level 2 of the Orcish Mines
 24533 | Orc:2    | Reached skill level 5 in Maces & Flails
 24545 | Orc:2    | Found a staircase to the Elven Halls.
 24549 | Orc:2    | Found a burning altar of Makhleb.
 24580 | Orc:2    | Reached ***** piety under Kikubaaqudgha
 24609 | Orc:2    | Found Ycodgh's Book Boutique.
 25046 | Orc:2    | Noticed Snorg
 25058 | Orc:2    | Killed Snorg
 25293 | Orc:2    | Found Seocuxoo's Antique Weapon Boutique.
 25294 | Orc:2    | Found Suimp's Antique Weapon Shoppe.
 25294 | Orc:2    | Found Ketho Tae's General Store.
 25848 | Orc:1    | Found Inont's Jewellery Emporium.
 26098 | Orc:2    | Bought a wand of mindburst (10) for 182 gold pieces
 26098 | Orc:2    | Bought 2 scrolls of silence for 247 gold pieces
 26241 | D:7      | Bought a manual of Fighting for 1200 gold pieces
 26462 | D:10     | Killed RatherSlowDeath's ghost
 26520 | D:8      | Bought a book of Spatial Translocations for 260 gold pieces
 26523 | D:8      | Learned a level 2 spell: Blink
 26894 | D:13     | Noticed Erolcha
 26900 | D:13     | Killed Erolcha
 27078 | D:13     | Reached skill level 1 in Translocations
 27186 | D:13     | Noticed Nessos
 27190 | D:13     | Killed Nessos
 27452 | D:13     | Reached XP level 15. HP: 117/117 MP: 11/30
 27612 | D:14     | Noticed Rupert
 27612 | D:14     | Found a gate to the Vaults.
 27728 | D:14     | Killed Rupert
 27850 | D:14     | Reached ****** piety under Kikubaaqudgha
 27852 | D:14     | Received a gift from Kikubaaqudgha
 28284 | D:14     | Noticed Jorgrun
 28293 | D:14     | Killed Jorgrun
 28358 | D:14     | Found a hide-covered altar of Uskayaw.
 29027 | D:15     | Entered Level 15 of the Dungeon
 30103 | D:15     | Found a staircase to the Depths.
 30365 | D:15     | Reached XP level 16. HP: 127/127 MP: 26/31
 30917 | Spider:1 | Entered Level 1 of the Spider Nest
 31132 | Spider:1 | Noticed Agnes
 31138 | Spider:1 | Killed Agnes
 32942 | Spider:1 | Learned a level 6 spell: Simulacrum
 33008 | Spider:2 | Reached skill level 1 in Ice Magic
 34208 | Spider:3 | Reached XP level 17. HP: 132/135 MP: 20/32
 34837 | Orc:1    | Bought a ring of flight for 262 gold pieces
 35012 | Shoals:1 | Entered Level 1 of the Shoals
 35171 | Shoals:1 | Identified the +0 pair of boots "Kuado" {rF+ rC++}
 35420 | Shoals:1 | Found Yjouwol's Firing Range.
 35598 | Shoals:1 | Found Koto's Distillery.
 35653 | Shoals:1 | Reached skill level 10 in Hexes
 36590 | Shoals:2 | Reached skill level 10 in Maces & Flails
 36764 | Shoals:2 | Identified the +1 leather armour "Ojipui Naoq" {rC+ Slay+3}
 37107 | Shoals:2 | Noticed Ilsuiw
 37119 | Shoals:2 | Killed Ilsuiw
 37124 | Shoals:2 | Reached skill level 15 in Necromancy
 37124 | Shoals:2 | Reached skill level 5 in Ice Magic
 37264 | Shoals:2 | Noticed a kraken
 37294 | Shoals:2 | Killed a kraken
 37657 | Shoals:3 | Noticed Bai Suzhen
 37665 | Shoals:3 | Killed Bai Suzhen
 37710 | Shoals:3 | Found Paint's Gadget Gallery.
 38923 | Shoals:4 | Entered Level 4 of the Shoals
 38995 | Shoals:4 | Reached skill level 15 in Fighting
 39008 | Shoals:4 | Reached XP level 18. HP: 113/149 MP: 0/33
 39416 | Shoals:4 | Noticed Louise
 39429 | Shoals:4 | Killed Louise
 39563 | Shoals:4 | Identified the +7 flail of Scorn {freeze, Int+6 SInv}
 39712 | Shoals:4 | Got a barnacled rune of Zot
 40234 | Spider:4 | Entered Level 4 of the Spider Nest
 40265 | Spider:4 | Noticed Donald
 40270 | Spider:4 | Killed Donald
 40271 | Spider:4 | Reached skill level 10 in Ice Magic
 40354 | Spider:4 | Your ally Donald died
 40617 | Spider:3 | Slain by a ghost moth

Illustrated notes

Levels and vault maps discovered:
D:1:      minmay_arrival_loop, layout_basic, minmay_tetromino_o2
D:2:      layout_basic, chequers_ecumenical_altar_island,
          kennysheep_generic_room_13
D:3:      cheibrodos_pilgrimage, layout_rooms,
          mainiacjoe_overflow_small_starburst, amethyst_overflow_temple_binary,
          kennysheep_generic_room_14
D:4:      layout_basic, nicolae_overflow_hidden_temple, fedhas_altar_3,
          temple_pool_b
D:5:      layout_cave_pools
D:6:      layout_cave_pods, mainiacjoe_overflow_concentric_impassable,
          serial_glass, glass_columns_a, glass_columns_a
D:7:      minmay_spotlight, layout_layer_cave, mainiacjoe_overflow_catwalk,
          tgw_trog, serial_shops, nicolae_stop_n_shop_1, minivault_27,
          uniq_prince_ribbit1
D:8:      minmay_distorted_concentric_squares, layout_basic,
          mainiacjoe_overflow_six_doors_small, mainiacjoe_overflow_alcove_1,
          serial_shops, shop, enter_ossuary_5, kennysheep_small_square
D:9:      layout_loops_cross, nicolae_vehumet_altar_sigil,
          nicolae_dithmenos_shadow_blocks, minivault_11,
          minmay_statue_crystal_thing, uniq_gastronok
D:10:     layout_irregular_city, lemuel_mausoleum_altar_yredelemnul,
          amcnicky_altar_gilded, enter_bailey_5, gammafunk_ghost_hydra_chop,
          nicolae_titane, uniq_urug
D:11:     layout_roguey, hellmonk_lair_entry_icy,
          portal_ice_cave_entry_pillars_2, chequers_avenue,
          chequers_serial_rivers_large_a, minmay_beelzebubs_servants,
          uniq_fannar
D:12:     layout_gridville, erik_orc_2, bh_circular_ruins
D:13:     layout_rooms, wad_dig_loot, uniq_nessos, uniq_erolcha
D:14:     layout_roguey, david_vaults_3, nicolae_tso_carved_into_rock,
          nicolae_uskayaw_en_pointe, uniq_jorgrun
D:15:     gammafunk_depths_entry_grave, layout_basic, serial_curves,
          eino_curves_03, eino_curves_02, dk_noncrumbling_4
Temple:   hellmonk_temple_rainy
Lair:1:   minmay_lair_oklob_tunnel, layout_loops_ring, serial_bayou_shore_b,
          grunt_megastairs_2
Lair:2:   layout_chaotic_city, nicolae_spider_entry_orb_guardian, basic_altar
Lair:3:   wad_woods_structure_01, layout_loops_ring,
          minmay_shoals_entry_centaurs, uniq_amaemon, uniq_josephine
Lair:4:   layout_misc_corridors, slime_entry_1
Lair:5:   guppyfry_lair_end_dragon, layout_concentric_octagons, serial_forest,
          infiniplex_forest_lined_1, infiniplex_forest_zigzag_2,
          infiniplex_forest_clump_large, infiniplex_forest_lined_room_2,
          infiniplex_forest_straight_3
Shoals:1: layout_shoals, serial_shops, nicolae_shop_crystal,
          nicolae_shop_firing_range
Shoals:2: layout_shoals, hangedman_shoals_cup_caves, uniq_ilsuiw
Shoals:3: layout_shoals, nicolae_shop_gadgets, uniq_bai_suzhen
Shoals:4: shoals_end_hellmonk_lost_city, uniq_louise
Spider:1: layout_chambers, nicolae_spider_jagged_tunnels, uniq_agnes
Spider:2: layout_spider_delve, nicolae_spider_rock_and_or_roll
Spider:3: spiders_nest_scorpion_pit
Spider:4: hellmonk_spider_rune_bug_friends, nicolae_spider_circle_web,
          uniq_donald, uniq_kirke
Orc:1:    layout_caves, serial_shops, shop, minmay_shop_enchanted_jewellery
Orc:2:    st_orc_elflike, layout_caves, basic_altar, uniq_snorg

Skill      XL: |  1  2  3  4  5  6  7  8  9 10 11 12 13 14 15 16 17 18 |
---------------+-------------------------------------------------------+-----
Fighting       | 1 2 3 4 5 6 7 8 9 10 11 12 15 | 15.1
Spellcasting   | 3 5 6 7 9 10 11 | 11.1
Stealth        | 2 3 4 6 |  6.0
Dodging        | 2 3 4 5 6 7 8 |  8.0
Necromancy     | 5 6 8 9 10 11 12 13 14 15 | 15.1
Evocations     | 1 2 3 4 5 6 7 8 |  8.0
Hexes          | 3 6 7 8 9 10 | 10.0
Earth Magic    | 2 4 5 6 7 8 |  8.0
Armour         | 1 3 4 6 |  6.0
Maces & Flails | 2 4 7 8 9 10 | 10.1
Translocations | 1 3 4 |  4.0
Ice Magic      | 2 8 10 | 10.1

Action                   |  1- 3 |  4- 6 |  7- 9 | 10-12 | 13-15 | 16-18 || total
-------------------------+-------+-------+-------+-------+-------+-------++-------
Melee: Dagger            |    19 |       |       |       |       |       ||    19
       Spear             |     8 |     6 |    15 |       |       |       ||    29
       Punch             |       |       |     6 |     4 |     8 |     8 ||    26
       Whip              |       |       |   230 |       |       |       ||   230
       Dire flail        |       |       |    61 |   311 |       |       ||   372
       Eveningstar       |       |       |       |   169 |       |       ||   169
       Demon whip        |       |       |       |   103 |   741 |   380 ||  1224
Throw: Stone             |     1 |       |     1 |       |       |       ||     2
       Boomerang         |       |       |    17 |       |     1 |       ||    18
       Dart              |       |       |    10 |     1 |     5 |       ||    16
 Cast: Necrotise         |    63 |    69 |   100 |     3 |       |       ||   235
       Vampiric Draining |       |     3 |    58 |    21 |    13 |     3 ||    98
       Cigotuvi's Dreadf |       |       |     6 |     1 |       |       ||     7
       Animate Dead      |       |       |     1 |    13 |    16 |    12 ||    42
       Anguish           |       |       |       |    61 |   109 |   138 ||   308
       Dispel Undead     |       |       |       |    13 |    14 |     1 ||    28
       Borgnjor's Vile C |       |       |       |    36 |    88 |    64 ||   188
       Death Channel     |       |       |       |     3 |    31 |    30 ||    64
Invok: Unearth Wretches  |       |       |       |    16 |     7 |    19 ||    42
       Receive Forbidden |       |       |       |       |     1 |       ||     1
Evoke: Wand              |       |       |     4 |       |       |     9 ||    13
       Condenser vane    |       |       |       |       |     1 |     2 ||     3
  Use: Scroll            |     3 |     5 |     8 |     8 |     7 |     3 ||    34
 Stab: Sleeping          |     4 |       |    12 |     4 |     3 |     5 ||    28
       Paralysed         |       |       |    18 |     3 |     2 |     1 ||    24
       Distracted        |       |       |       |     7 |     9 |     8 ||    24
Armor: Robe              |    17 |    11 |   123 |   445 |   251 |   237 ||  1084
       Troll leather arm |       |       |       |   151 |    82 |       ||   233
Dodge: Dodged            |    25 |    15 |   234 |   705 |   424 |   301 ||  1704
Block: Other             |       |       |       |       |   110 |   105 ||   215
       Reflection        |       |       |       |       |     2 |     8 ||    10

Table legend: (Time is in decaauts)
 A = Elapsed time spent in this place.
 B = Non-inter-level travel time spent in this place.
 C = Inter-level travel time spent in this place.
 D = Time resting spent in this place.
 E = Time spent auto-exploring this place.
 F = Levels seen in this place.
 G = Mean time per level.
                   A        B        C        D        E       F      G
               +--------+--------+--------+--------+--------+-----+--------+
         Total |  40800 |  37779 |   3021 |   3375 |  25565 |  34 | 1200.0 |
       Dungeon |  20504 |  18997 |   1507 |   1034 |  13775 |  15 | 1366.9 |
        Temple |     23 |     13 |     10 |      0 |      9 |   1 |   23.0 |
          Lair |   6597 |   5731 |    866 |     66 |   4341 |   5 | 1319.4 |
        Shoals |   5045 |   4837 |    208 |    340 |   3452 |   4 | 1261.2 |
   Spider Nest |   4212 |   3982 |    230 |    546 |   2502 |   4 | 1053.0 |
  Orcish Mines |   2002 |   1803 |    199 |    116 |   1185 |   2 | 1001.0 |
       Ossuary |    829 |    829 |      0 |    458 |     33 |   1 |  829.0 |
        Bailey |    665 |    665 |      0 |    176 |    249 |   1 |  665.0 |
      Ice Cave |    920 |    920 |      0 |    639 |     19 |   1 |  920.0 |
               +--------+--------+--------+--------+--------+-----+--------+

Top non-repeatable levels by time:
Spider:1: 2120 daAuts
     D:7: 2015 daAuts
  Lair:3: 1982 daAuts
     D:6: 1913 daAuts
     D:8: 1743 daAuts
    D:15: 1689 daAuts
    D:11: 1518 daAuts
     D:9: 1499 daAuts
    D:10: 1483 daAuts
Shoals:3: 1416 daAuts
  Lair:1: 1408 daAuts
    D:14: 1388 daAuts
Shoals:1: 1378 daAuts
Shoals:2: 1333 daAuts
   Orc:2: 1290 daAuts
